 Dungeon Crawl Stone Soup version 0.17-a0-1939-ga475588 (webtiles) character file.

107 Holeefuk the Slasher (level 5, -3/41 HPs)
             Began as a Formicid Fighter on Sept 29, 2015.
             Slain by Crazy Yiuf
             ... wielding a +3 quarterstaff of chaos
              (4 damage)
             ... on level 3 of the Dungeon.
             The game lasted 00:05:32 (2053 turns).

Holeefuk the Slasher (Formicid Fighter)             Turns: 2053, Time: 00:05:32

Health: -3/41      AC:  8    Str: 21    XL:     5   Next: 10%
Magic:  5/5        EV:  8    Int:  8    God:
Gold:   161        SH:  9    Dex: 10    Spells: 0 memorised, 4 levels left

rFire  . . .     SeeInvis +     a - +0 long sword
rCold  . . .     Clarity  .     b - +0 scale mail
rNeg   . . .     SustAt   .     c - +0 shield
rPois  .         Gourm    .     (helmet unavailable)
rElec  .         Spirit   .     (no cloak)
rCorr  .         Warding  .     j - +0 pair of gloves
rMut   +         Stasis   +     (no boots)
MR     .....                    s - amulet of resist mutation
Stlth  ..........               (no ring)
                                (no ring)

@: not resistant to hostile enchantments, extremely unstealthy
A: permanent stasis, dig shafts and tunnels, four strong arms, antennae 3
a: Dig, Shaft Self


You were on level 3 of the Dungeon.
You were not hungry.

You visited 1 branch of the dungeon, and saw 3 of its levels.

You collected 161 gold pieces.

Inventory:

Hand weapons
 a - a +0 long sword (weapon)
 q - a +0 hunting sling of velocity
Armour
 b - a +0 scale mail (worn)
 c - a +0 shield (worn)
 j - a +0 pair of gloves (worn)
Jewellery
 s - an amulet of resist mutation (around neck)
Scrolls
 g - a scroll of random uselessness {unknown}
 h - a scroll of remove curse {unknown}
 m - a scroll of recharging {unknown}
 n - 5 scrolls of identify {unknown}
 p - a scroll of blinking {unknown}
Potions
 d - a potion of might
 f - 2 potions of lignification {unknown}
 k - a potion of curing {unknown}
 o - 2 potions of brilliance {unknown}
 r - a potion of agility {unknown}
Comestibles
 e - 2 bread rations
 i - a slice of pizza
 l - 2 beef jerkies
 t - a chunk of flesh
 u - a meat ration


   Skills:
 - Level 3.2 Fighting
 * Level 4.2 Long Blades
 - Level 3.2 Armour
 - Level 1.9 Dodging
 - Level 3.6 Shields


You had 4 spell levels left.
You didn't know any spells.

Dungeon Overview and Level Annotations

Branches:
Dungeon (3/15)

Altars:
Elyvilon

Annotations:
D:3 Crazy Yiuf


Innate Abilities, Weirdness & Mutations

You are under a permanent stasis effect.
You can dig through walls and to a lower floor.
Your four strong arms can wield two-handed weapons with a shield.
You have a pair of large antennae on your head (SInv).


Message History

Crazy Yiuf is heavily wounded.
Crazy Yiuf yells, "Cake pontify illywillydillykilly!"
You block Crazy Yiuf's attack.
You slash Crazy Yiuf!
Crazy Yiuf is almost dead.
You block Crazy Yiuf's attack.
You hit Crazy Yiuf.
Crazy Yiuf is almost dead.
Crazy Yiuf hits you with a quarterstaff of chaos.
* * * LOW HITPOINT WARNING * * *
Space bends around you.
* * * LOW HITPOINT WARNING * * *
You barely miss Crazy Yiuf.
Crazy Yiuf is almost dead.
Crazy Yiuf hits you with a quarterstaff of chaos.
* * * LOW HITPOINT WARNING * * *
You closely miss Crazy Yiuf.
Crazy Yiuf is almost dead.
Crazy Yiuf hits you with a quarterstaff of chaos.
You die...

#.....###....#
#.....# #....#
#.....# ♣...♣♣
#.....# ♣...♣
####.## ♣♣.♣♣
#.# ♣.♣♣ #.#
♣♣.♣ #.## ♣.♣♣
#..# ♣♣@♣ ####
#g# ... #...#
#..)# #####


You could see Crazy Yiuf.

Vanquished Creatures
  An adder (D:3)
  3 gnolls
  3 worms
  An orc (D:3)
  4 bats (D:1)
  10 hobgoblins
  4 jackals (D:2)
  6 kobolds
  2 quokkas (D:2)
  A giant cockroach (D:1)
  3 giant newts
  9 goblins
  7 rats
54 creatures vanquished.

Notes
Turn   | Place    | Note
--------------------------------------------------------------
     0 | D:1      | Holeefuk the Formicid Fighter began the quest for the Orb.
     0 | D:1      | Reached XP level 1. HP: 18/18 MP: 1/1
   117 | D:1      | Reached skill level 1 in Dodging
   120 | D:1      | Reached XP level 2. HP: 20/24 MP: 2/2
   406 | D:1      | Reached XP level 3. HP: 29/29 MP: 3/3
  1040 | D:2      | Found a faded altar to an unknown god.
  1046 | D:2      | Reached XP level 4. HP: 14/35 MP: 4/4
  1215 | D:2      | Found a white marble altar of Elyvilon.
  1960 | D:3      | Reached skill level 4 in Long Blades
  1960 | D:3      | Reached XP level 5. HP: 30/41 MP: 5/5
  2043 | D:3      | Noticed Crazy Yiuf
  2052 | D:3      | HP: 1/41 [Crazy Yiuf/quarterstaff of chaos (2)]
  2053 | D:3      | Slain by Crazy Yiuf

Vault maps used:
D:1:      dpeg_arrival_arbitrary_b
D:2:      elyvilon_altar_5, first_bread, ecumenical_altar_1
D:3:      fedhas_altar_1, st_stairs_8, kennysheep_crisscross,
          uniq_crazy_yiuf_cottage

Action                   |  1- 3 |  4- 6 || total
-------------------------+-------+-------++-------
Melee: Long sword        |   117 |    89 ||   206
 Abil: Dig               |     2 |       ||     2
  Eat: Chunk             |       |     4 ||     4
